 Dungeon Crawl Stone Soup version 0.28-a0-1184-g53156a8862 (webtiles) character file.

Game seed: 3696659228620433451

134 siradein the Skirmisher (level 4, -3/41 HPs)
             Began as a Minotaur Fighter on Dec 18, 2021.
             Was an Initiate of Yredelemnul.
             Killed by divine providence
             ... invoked by an orc priest
              (14 damage)
             ... on level 3 of the Dungeon.
             The game lasted 00:02:37 (2348 turns).

siradein the Skirmisher (Minotaur Fighter)          Turns: 2348, Time: 00:02:37

Health: -3/41      AC:  8    Str: 20    XL:     4   Next: 95%
Magic:  3/3        EV:  9    Int:  5    God:    Yredelemnul [......]
Gold:   90         SH:  5    Dex: 12    Spells: 3/3 levels left

rFire   . . .      SeeInvis .   a - +0 long sword
rCold   . . .      Faith    .   c - +0 buckler
rNeg    . . .      Spirit   .   b - +0 scale mail
rPois   .          Reflect  .   (helmet restricted)
rElec   .          Harm     .   j - +0 cloak
rCorr   .          Rampage  .   (no gloves)
Will    .....                   (no boots)
Stlth   ..........              (no amulet)
HPRegen 0.13/turn               (no ring)
MPRegen 0.08/turn               (no ring)

@: no status effects
A: horns 2, retaliatory headbutt
a: Renounce Religion, Recall Undead Harvest


You were on level 3 of the Dungeon.
You worshipped Yredelemnul.
Yredelemnul was noncommittal.
You visited 1 branch of the dungeon, and saw 3 of its levels.

You collected 90 gold pieces.

Inventory:

Hand Weapons
 a - a +0 long sword (weapon)
Armour
 b - a +0 scale mail (worn)
 c - a +0 buckler (worn)
 j - a +0 cloak (worn)
Scrolls
 f - 2 scrolls of identify {unknown}
 g - a scroll of noise {unknown}
 h - a scroll of fog {unknown}
 k - a scroll of fear {unknown}
 l - a scroll of enchant weapon {unknown}
Potions
 d - a potion of might
 e - a potion of degeneration {unknown}
 i - 2 potions of haste {unknown}


   Skills:
 + Level 4.6 Fighting
 + Level 3.7 Long Blades
 + Level 4.6 Armour
 + Level 4.6 Shields
 + Level 0.4 Invocations


You had 3 spell levels left.
You didn't know any spells.
Your spell library contained the following spells:

 Spells                   Type           Power      Damage    Failure   Level
 Summon Lightning Spire   Summ/Air       0%         N/A       100%        4
 Storm Form               Tmut/Air       0%         N/A       100%        7
 Maxwell's Capacitive Co  Air            0%         ∞         100%        8


Dungeon Overview and Level Annotations

Branches:
Dungeon (3/15)

Altars:
Yredelemnul


Innate Abilities, Weirdness & Mutations

You have a pair of horns on your head.
You reflexively headbutt those who attack you in melee.


Message History

Your giant cockroach zombie bites the orc priest but does no damage.
You closely miss the orc priest.
The orc priest calls down the wrath of Beogh upon you.
Beogh smites you!
Your orc zombie hits the orc priest.
You block the orc priest's attack.
The orc priest hits your giant cockroach zombie with a +0 club.
You are too injured to fight recklessly!
You are too injured to fight recklessly!
You slash the orc priest!
The orc priest is severely wounded.
Your giant cockroach zombie bites the orc priest but does no damage.
Your orc zombie hits the orc priest.
The orc priest looks encouraged for a moment.
The orc priest casts a cantrip, but nothing happens.
Your giant cockroach zombie bites the orc priest but does no damage.
You hit the orc priest.
The orc priest is almost dead.
Your orc zombie hits the orc priest.
The orc priest dies!
The orc priest hits your giant cockroach zombie with a +0 club.
Your giant cockroach zombie bites the orc priest but does no damage.
Unknown command.
You swap places.
The orc priest closely misses you. You furiously retaliate!
You headbutt the orc priest.
You see here a +0 whip.
You hit the orc priest but do no damage.
The orc priest is lightly wounded.
The orc priest hits you but does no damage.
You slash the orc priest! Your headbutt misses the orc priest.
The orc priest is heavily wounded.
The orc priest calls down the wrath of Beogh upon you.
Pain shoots through your body! The orc priest hits you with a +0 club.
* * * LOW HITPOINT WARNING * * *
Unknown command.
You barely miss the orc priest.
The orc priest is heavily wounded.
The orc priest mumbles some strange prayers to Beogh against you.
Beogh smites you!
You die...
Your body rises from the dead as a mindless zombie.

### ..# ... ... .#
#.#.# #.# #.###.#.#
#.# .....#.## #o#
.......####@######$
####
#..##..##.ZZ)......
#...
#.#..##..##.#.#####..
#.## #.#..##..##.#.#
#.#
####.#...........#
#..# #)#
........###.##...#
#..# #.# ####....#
#.##...# #..# #.#
###..###......# #..#
#.# #....####...# #..
#.#


You could see an orc priest (ally target), a friendly giant cockroach zombie and
a friendly orc zombie.

Vanquished Creatures
  An orc wizard (D:3)
  An adder (D:2)
  2 worms (D:2)
  A dart slug (D:1)
  6 orcs
  6 bats
  6 endoplasms
  6 giant cockroaches
  4 goblins
  4 hobgoblins
  4 quokkas
  9 ball pythons
  2 frilled lizards
  2 kobolds
54 creatures vanquished.

Vanquished Creatures (collateral kills)
  An orc priest (D:3)
1 creature vanquished.

Vanquished Creatures (others)
  An orc zombie (D:3)
1 creature vanquished.

Grand Total: 56 creatures vanquished

Notes
Turn   | Place    | Note
-------+----------+-------------------------------------------
     0 | D:1      | siradein the Minotaur Fighter began the quest for the Orb.
     0 | D:1      | Reached XP level 1. HP: 19/19 MP: 0/0
   135 | D:1      | Reached XP level 2. HP: 27/27 MP: 1/1
   998 | D:2      | Reached XP level 3. HP: 20/33 MP: 2/2
  1787 | D:2      | Found a faded altar of an unknown god.
  2020 | D:3      | Reached XP level 4. HP: 36/41 MP: 3/3
  2274 | D:3      | Found a basalt altar of Yredelemnul.
  2297 | D:3      | Became a worshipper of Yredelemnul the Dark
  2348 | D:3      | Killed from afar by an orc priest

Illustrated notes

Levels and vault maps discovered:
D:1:      giann_wishing_wells, layout_basic
D:2:      layout_basic, hellmonk_ecumenical_altar_prayer_group
D:3:      layout_loops_ring, mainiacjoe_overflow_alcove_1

Skill      XL: |  1  2 |
---------------+-------+-----
Armour         | 4 |  4.6
Fighting       | 4 |  4.6
Shields        | 4 |  4.6
Long Blades    | 3 |  3.7
Invocations    | |  0.4

Action                   |  1- 3 |  4- 6 || total
-------------------------+-------+-------++-------
Melee: Long sword        |    98 |    32 ||   130
       Headbutt          |    11 |     5 ||    16
Armor: Scale mail        |    35 |    12 ||    47
Dodge: Dodged            |    59 |    10 ||    69
Block: Buckler           |    26 |     3 ||    29

Table legend: (Time is in decaauts)
 A = Elapsed time spent in this place.
 B = Non-inter-level travel time spent in this place.
 C = Inter-level travel time spent in this place.
 D = Time resting spent in this place.
 E = Time spent auto-exploring this place.
 F = Levels seen in this place.
 G = Mean time per level.
                   A        B        C        D        E       F      G
               +--------+--------+--------+--------+--------+-----+--------+
         Total |   2380 |   2337 |     43 |      0 |   1992 |   3 |  793.3 |
       Dungeon |   2380 |   2337 |     43 |      0 |   1992 |   3 |  793.3 |
               +--------+--------+--------+--------+--------+-----+--------+

Top non-repeatable levels by time:
     D:2: 1213 daAuts
     D:1: 764 daAuts
     D:3: 402 daAuts
